 Dungeon Crawl Stone Soup version 0.28.0 (webtiles) character file.

Game seed: 17664336802355370537

213443 freelancePsychic the Eclecticist (level 19, 0/180 HPs)
             Began as a Djinni Air Elementalist on Feb 13, 2022.
             Was the Champion of Makhleb.
             Slain by a +3 vorpal halberd (12 damage)
             ... on level 2 of the Elven Halls.
             The game lasted 01:26:57 (25615 turns).

freelancePsychic the Eclecticist (DjAE)            Turns: 25615, Time: 01:26:58

Health: 0/180      AC: 35    Str:  7    XL:     19   Next: 68%
Gold:   2062       EV: 14    Int: 25    God:    Makhleb [******] SH: 20 Dex: 11

rFire   + + .      SeeInvis .     - Unarmed
rCold   + . .      Faith    .   a - +1 tower shield {AC+3}
rNeg    + + +      Spirit   .   (armour currently unavailable)
rPois   ∞          Reflect  .   n - +0 helmet
rElec   +          Harm     .   v - +0 cloak
rCorr   .          Rampage  .   (gloves currently unavailable)
Will    ++...                   (boots unavailable)
Stlth   ++........              u - amulet of regeneration
HPRegen 1.20/turn               e - ring "Simn" {rC+ rN++ Will+ Int+2 Dex-3}
MPRegen 0.00/turn               p - ring of protection from cold

@: about to teleport, statue-form, unable to drink, flying, very slow
A: slow and powerful, torment resistance 1, flying, boosted hp, sickness
immunity, fire resistance 2, cold vulnerability 1, float, innate caster, HP
casting, extra vitality 1, clumsy 1
}: 1/15 runes: serpentine
a: End Transformation, Renounce Religion, Minor Destruction, Lesser Servant of
Makhleb, Major Destruction, Greater Servant of Makhleb


You were on level 2 of the Elven Halls.
You worshipped Makhleb.
Makhleb was exalted by your worship.
You were a living statue of rough stone.
You visited 7 branches of the dungeon, and saw 34 of its levels.
You also visited: Ossuary, Bailey and Ice Cave.

You collected 3141 gold pieces.
You spent 1079 gold pieces at shops.

Inventory:

Hand Weapons
 b - a +2 dagger of venom
Armour
 a - a +1 tower shield of protection (worn)
 h - a +1 pair of gloves (melded)
 n - a +0 helmet (worn)
 v - a +0 cloak (worn)
 D - the +1 robe "Minuuppitz" {rF+ rN+ Archmagi}
   (You bought it in a shop on level 2 of the Orcish Mines)

   rF:        It protects you from fire.
   rN:        It protects you from negative energy.
   Archmagi:  It increases the power of your magical spells.
 H - a +0 troll leather armour (melded)
Magical Staves
 f - a staff of fire
 C - a staff of poison
Jewellery
 e - the ring "Simn" (left fist) {rC+ rN++ Will+ Int+2 Dex-3}
   (You acquired it on level 6 of the Dungeon)

   [ring of protection from cold]

   Int:       It affects your intelligence (+2).
   Dex:       It affects your dexterity (-3).
   rC:        It protects you from cold.
   rN:        It greatly protects you from negative energy.
   Will:      It increases your willpower.
 k - a +4 ring of evasion
 p - a ring of protection from cold (right fist)
 u - an amulet of regeneration (around neck)
 J - a ring of protection from cold
 K - the ring of Rewur {rElec Will+ AC+4 Str-2}
   (You found it in an ice cave)

   [ring of protection]

   AC:        It affects your AC (+4).
   Str:       It affects your strength (-2).
   rElec:     It insulates you from electricity.
   Will:      It increases your willpower.
 N - a ring of resist corrosion
 O - a ring of willpower
 T - an amulet of faith
Wands
 j - a wand of acid (10)
 o - a wand of digging (1)
 s - a wand of paralysis (28)
 w - a wand of iceblast (17)
 y - a wand of flame (8)
 z - a wand of charming (2)
 M - a wand of mindburst (8)
Scrolls
 l - 4 scrolls of fog
 m - a scroll of enchant weapon
 q - a scroll of amnesia {unknown}
 B - 8 scrolls of teleportation {@r4}
 F - 3 scrolls of summoning
 I - 6 scrolls of identify {@r1}
 Q - a scroll of noise {unknown}
 R - a scroll of immolation
 S - a scroll of brand weapon
 U - 2 scrolls of magic mapping
Potions
 c - 7 potions of curing {@q1}
 d - 3 potions of might
 g - 6 potions of brilliance
 i - 5 potions of lignification
 r - 3 potions of cancellation
 t - 6 potions of flight
 x - 3 potions of degeneration
 A - a potion of resistance
 E - 4 potions of haste {@q3}
 G - 3 potions of mutation
 L - 2 potions of berserk rage
 P - 2 potions of heal wounds {@q2}


   Skills:
 + Level 13.8 Fighting
 - Level 5.5 Armour
 - Level 10.5 Dodging
 - Level 1.5 Stealth
 + Level 17.0 Shields
 + Level 7.0 Unarmed Combat
 * Level 17.9 Spellcasting


You had 5 spell levels left.
You knew the following spells:

 Your Spells              Type           Power      Damage    Failure   Level
a - Summon Mana Viper     Hex/Summ       84%        N/A       1%          5
b - Static Discharge      Conj/Air       84%        N/A       0%          2
c - Airstrike             Air            42%        N/A       1%          4
d - Olgreb's Toxic Radia  Pois           84%        N/A       1%          4
e - Ozocubu's Refrigerat  Ice            42%        4d13      3%          7
f - Statue Form           Tmut/Erth      56%        N/A       1%          6
g - Conjure Flame         Conj/Fire      84%        6-21      0%          3
h - Cause Fear            Hex            42%        N/A       1%          4
i - Swiftness             Air            84%        N/A       0%          3
j - Scorch                Fire           100%       2d10      0%          2
k - Shock                 Conj/Air       100%       1d9       0%          1
l - Pain                  Necr           100%       1d9       0%          1
m - Simulacrum            Ice/Necr       42%        N/A       1%          6
Your spell library was empty.

Dungeon Overview and Level Annotations

Branches:
Dungeon (15/15)            Temple (1/1) D:5            Lair (6/6) D:11
  Swamp (4/4) Lair:3        Snake (4/4) Lair:4        Slime (0/5) Lair:6
    Orc (2/2) D:9             Elf (2/3) Orc:2        Vaults (0/5) D:13
Ossuary (visited)          Bailey (visited)           IceCv (visited)
 Depths: D:15

Altars:
Ashenzari
Kikubaaqudgha
Makhleb
Okawaru
Qazlal
Sif Muna
Vehumet
Zin
The Shining One
Jiyva

Shops:
Orc:2 !=*[   Elf:1 (   Elf:2 !   Snake:1 **   Snake:2 =::   Snake:3 =(

Portals:
Pandemonium: Orc:2

Annotations:
D:4 Dowan, Duvessa
D:10 2 runed translucent doors, RighteousDevil's ghost, journeyman TrMo
Lair:3 exclusion: oklob plant
Snake:1 1 runed translucent door, Dittersdorf's ghost, adept MiBe
Snake:2 exclusion: downstairs
Snake:4 Vashnia


Innate Abilities, Weirdness & Mutations

You are a living statue of rough stone.
Your actions are slow, but your melee attacks are powerful.
You are resistant to unholy torment.
You are flying.
Your maximum health is greatly increased.
Your equipment is partially melded.
You are immune to sickness and miasma.
You are immune to poison.
Your flesh is very heat resistant. (rF++)
You are vulnerable to cold. (rC-)
You float through the air rather than walking.
You learn spells naturally, not from books.
Your magical power is your life essence.
You have superior vitality. (+4 MHP)
You are clumsy. (Dex -2)


Message History

The +0 glaive of freezing hits you!! The +0 glaive of freezing freezes you.
The +0 vampiric glaive hits you from afar.
* * * LOW HITPOINT WARNING * * *
You block the +3 vorpal halberd's attack.
The fire elemental misses you.
You block the +0 vampiric glaive's attack.
The +0 glaive of freezing hits you.
* * * LOW HITPOINT WARNING * * *
The +0 glaive of freezing freezes you.
* * * LOW HITPOINT WARNING * * *
The +3 vorpal halberd hits you from afar.
* * * LOW HITPOINT WARNING * * *
x2 You block the fire elemental's attack.
The fire elemental hits you. The fire elemental burns you! You resist.
* * * LOW HITPOINT WARNING * * *
Okay, then.
As you read the scroll of teleportation {@r4}, it crumbles to dust.
You feel strangely unstable.
You block the +3 vorpal halberd's attack.
The +0 glaive of freezing hits you.
* * * LOW HITPOINT WARNING * * *
The +0 glaive of freezing freezes you.
* * * LOW HITPOINT WARNING * * *
The +0 vampiric glaive hits you from afar.
* * * LOW HITPOINT WARNING * * *
You block the fire elemental's attack. The fire elemental hits you.
The +3 vorpal halberd closely misses you.
The deep elf pyromancer casts a spell.
Send 'em back where they came from!
Your mana viper disappears in a puff of smoke!
The +0 glaive of freezing barely misses you.
The +0 vampiric glaive hits you from afar!
* * * LOW HITPOINT WARNING * * *
You block the fire elemental's attack. The fire elemental hits you.
The +0 glaive of freezing hits you from afar!
* * * LOW HITPOINT WARNING * * *
The +0 glaive of freezing freezes you.
* * * LOW HITPOINT WARNING * * *
The +3 vorpal halberd hits you from afar!
You die...

#.......## ...
#.......## ##
#.....>...#
##.......##
#.......##
##.....#'## ######
#.....##.##.....##
#########'.......#
##8........
#.EE(......
#(☼(○......
+....e$....
#..).......
..........$
.##......... ..
#'..#....# #.
..........


You could see a deep elf pyromancer, 2 fire elementals and 3 dancing weapons.

Vanquished Creatures
  Nikola (Swamp:4)
  A nagaraja (Snake:4)
  Louise (Swamp:1)
  Aizul (Swamp:1)
  A reaper (IceCv)
  A deep elf annihilator (Elf:2)
  Nessos (D:12)
  Azrael (Elf:1)
  A deep elf death mage (Elf:1)
  4 bunyips
  A fire dragon (Lair:6)
  17 naga warriors
  A boulder beetle (Lair:6)
  12 hydras
  2 salamander tyrants (Snake:4)
  3 centaur warriors
  A death knight (D:14)
  5 dancing weapons
  3 two-headed ogres
  10 death yaks
  10 anacondas
  4 alligators
  A tengu warrior (D:13)
  6 naga sharpshooters
  8 shock serpents
  5 orc high priests (Orc:2)
  5 deep elf knights
  Urug (D:10)
  6 salamander mystics
  3 goliath frogs
  A skeletal warrior (D:14)
  A sun demon (Orc:2)
  A spriggan druid (Swamp:1)
  2 swamp dragons
  6 deep elf archers
  5 bog bodies
  6 lindwurms
  12 deep elf zephyrmancers
  8 naga ritualists
  A necromancer (Elf:1)
  12 deep elf pyromancers
  9 mana vipers
  7 orc knights
  A phantasmal warrior (Swamp:4)
  4 cyclopes
  4 oklob plants (Snake:3)
  7 orc sorcerers (Orc:2)
  An ugly thing (D:13)
  9 elephants
  3 manticores
  9 salamanders
  34 black mambas
  A torpor snail (Lair:6)
  5 large abominations (Elf:1)
  10 naga magi
  2 molten gargoyles (D:14)
  4 guardian serpents
  11 cane toads
  A gargoyle (D:12)
  5 swamp worm zombies (Swamp:4)
  3 rime drakes
  11 komodo dragons
  An entropy weaver simulacrum (IceCv)
  An ice devil (IceCv)
  A hydra zombie (Swamp:4)
  A bloated husk (Swamp:4)
  3 trolls
  34 blink frogs
  13 polar bears
  8 slime creatures
  3 alligator zombies (Swamp:4)
  3 raiju (Lair:6)
  2 spectral swamp dragons (Swamp:4)
  A jumping spider (shapeshifter) (D:14)
  2 wraiths
  3 air elementals
  5 fire elementals
  42 yaks
  6 wyverns
  A hog (shapeshifter) (D:15)
  6 steam dragons
  3 basilisks
  A death yak simulacrum (IceCv)
  16 humans (D:13)
  4 vampire mosquitoes (D:13)
  Menkaure (D:4)
  A chaos spawn (Orc:2)
  7 wargs
  45 nagas
  2 harpy simulacra (IceCv)
  3 swamp worms
  18 hell hounds
  2 acid dragons
  35 orc warriors
  23 water moccasins
  A swamp drake (Swamp:1)
  2 swamp dragon zombies (Swamp:4)
  A necrophage (D:4)
  An ogre (Orc:2)
  14 black bears
  38 wolves
  8 centaurs
  6 elf zombies
  8 bullfrogs
  6 two-headed ogre simulacra (IceCv)
  A wyvern zombie (D:8)
  A scorpion (D:7)
  4 cane toad simulacra (IceCv)
  3 wights (D:6)
  2 electric eels (Lair:3)
  2 howler monkeys (D:9)
  4 lava snakes (D:14)
  5 centaur zombies
  A human zombie (Ossuary)
  23 orc priests
  A bullfrog zombie (D:5)
  A jelly (D:4)
  11 orc wizards
  7 iguanas
  9 hell rats
  5 spriggan simulacra (IceCv)
  8 troll simulacra (IceCv)
  2 polar bear simulacra (IceCv)
  3 wolf simulacra (IceCv)
  2 mummies (Ossuary)
  Robin (D:4)
  2 gnolls (Bailey)
  12 river rats (Lair:3)
  6 adders
  2 naga simulacra (IceCv)
  4 white imps
  6 ufetubi
  An adder zombie (Ossuary)
  A worm (D:2)
  A dart slug (D:1)
  61 orcs
  8 endoplasms
  A giant cockroach (D:1)
  14 goblins
  11 hobgoblins
  4 quokkas
  8 ball pythons
  A bat (D:1)
  4 frilled lizards
  A goblin zombie (Ossuary)
  10 hobgoblin zombies (Ossuary)
  A jackal zombie (Ossuary)
  15 kobolds
  8 kobold zombies (Ossuary)
  7 orc zombies (Ossuary)
  4 rats
  3 rat zombies (Ossuary)
  A fire vortex (D:14)
988 creatures vanquished.

Vanquished Creatures (collateral kills)
  Donald (Snake:2)
  A thorn hunter (Swamp:4)
  A fenstrider witch (Swamp:4)
  A nagaraja (Snake:4)
  2 eleionomae (Swamp:3)
  An ettin (D:15)
  2 hydras
  A catoblepas (Lair:5)
  3 anacondas
  3 naga warriors
  2 demonspawn (Orc:2)
  A dancing weapon (Elf:1)
  An alligator (Swamp:3)
  A shock serpent (Snake:2)
  A soul eater (Orc:2)
  2 skeletal warriors (D:14)
  A spectral hydra (Swamp:4)
  2 bog bodies (Swamp:3)
  2 swamp dragons
  A naga ritualist (Snake:1)
  A necromancer (Elf:1)
  A will-o-the-wisp (Swamp:3)
  3 mana vipers
  A salamander (Snake:2)
  3 naga magi
  3 black mambas
  An anaconda simulacrum (IceCv)
  2 swamp worm zombies (Swamp:4)
  2 hydra zombies (Swamp:4)
  2 tyrant leeches
  A spectral swamp dragon (Swamp:4)
  An alligator zombie (Swamp:4)
  2 basilisks
  3 vampire mosquitoes (Swamp:4)
  3 nagas
  A cane toad simulacrum (IceCv)
  3 two-headed ogre simulacra (IceCv)
  A troll simulacrum (IceCv)
  A spriggan simulacrum (IceCv)
  A naga simulacrum (IceCv)
  A white imp (IceCv)
67 creatures vanquished.

Vanquished Creatures (others)
  2 hydras (Swamp:4)
  2 will-o-the-wisps (Swamp:4)
  8 foxfires
  39 fungi
  65 plants
116 creatures vanquished.

Grand Total: 1171 creatures vanquished

Notes
Turn   | Place    | Note
-------+----------+-------------------------------------------
     0 | D:1      | freelancePsychic the Djinni Air Elementalist began the
                  | quest for the Orb.
     0 | D:1      | Reached XP level 1. HP: 15/15 MP: 0/0
   385 | D:1      | Reached XP level 2. HP: 21/22 MP: 0/0
   586 | D:1      | Reached skill level 1 in Fighting
   709 | D:1      | Reached XP level 3. HP: 18/27 MP: 0/0
   709 | D:1      | Learned a level 1 spell: Pain
  2029 | D:2      | Reached XP level 4. HP: 29/32 MP: 0/0
  2871 | D:3      | Found a faded altar of an unknown god.
  3026 | D:4      | Reached XP level 5. HP: 37/38 MP: 0/0
  3026 | D:4      | Learned a level 2 spell: Scorch
  3277 | D:4      | Noticed a necrophage
  3284 | D:4      | Killed a necrophage
  3285 | D:4      | Reached XP level 6. HP: 36/46 MP: 0/0
  3418 | D:4      | Noticed Dowan
  3418 | D:4      | Noticed Menkaure
  3418 | D:4      | Noticed Duvessa
  3429 | D:4      | Killed Menkaure
  3441 | D:5      | Entered Level 5 of the Dungeon
  3573 | D:4      | Found a sand-covered staircase.
  3579 | Ossuary  | Entered an ossuary
  3932 | Ossuary  | Reached XP level 7. HP: 48/50 MP: 0/0
  3932 | Ossuary  | Learned a level 3 spell: Conjure Flame
  4221 | Ossuary  | Reached skill level 5 in Spellcasting
  4230 | Ossuary  | HP: 2/76 [cloud of flame (6)]
  4605 | Ossuary  | Reached XP level 8. HP: 17/58 MP: 0/0
  5040 | D:4      | Noticed Robin
  5176 | D:4      | Killed Robin
  5498 | D:5      | Reached skill level 5 in Fighting
  5824 | D:5      | Found a staircase to the Ecumenical Temple.
  5837 | Temple   | Entered the Ecumenical Temple
  5898 | Temple   | Became a worshipper of Makhleb the Destroyer
  6068 | D:6      | Identified 2 scrolls of acquirement
  6069 | D:6      | Acquired an amulet of regeneration
  6076 | D:6      | Acquired the ring "Simn" {rC+ rN++ Will+ Int+2 Dex-3}
  6301 | D:6      | Reached XP level 9. HP: 44/66 MP: 0/0
  6301 | D:6      | Learned a level 4 spell: Cause Fear
  7095 | D:9      | Reached * piety under Makhleb
  7228 | D:9      | Reached skill level 1 in Shields
  7470 | D:9      | Found a staircase to the Orcish Mines.
  7479 | Orc:1    | Entered Level 1 of the Orcish Mines
  7516 | Orc:1    | Noticed an orc knight
  7565 | Orc:1    | Killed an orc knight
  7566 | Orc:1    | Reached XP level 10. HP: 59/75 MP: 0/0
  7813 | D:10     | Entered Level 10 of the Dungeon
  7867 | D:10     | Noticed a two-headed ogre
  8040 | D:10     | Found a large runed translucent door.
  8041 | D:10     | Found a large runed translucent door.
  8042 | D:10     | Noticed RighteousDevil's ghost (journeyman TrMo)
  8216 | D:10     | Noticed a cyclops
  8219 | D:10     | HP: 3/76 [cyclops/large rock (40)]
  8355 | D:10     | Found a flagged portal.
  8359 | D:10     | Noticed Urug
  8364 | Bailey   | Entered a bailey
  8395 | Bailey   | Reached ** piety under Makhleb
  8751 | D:10     | Killed Urug
  8752 | D:10     | Reached skill level 5 in Shields
  8752 | D:10     | Reached XP level 11. HP: 62/82 MP: 0/0
  8752 | D:10     | Learned a level 4 spell: Olgreb's Toxic Radiance
  8755 | D:10     | Noticed a manticore
  8826 | D:11     | Found a staircase to the Lair.
  8888 | Lair:1   | Entered Level 1 of the Lair of Beasts
  8900 | Lair:1   | Reached skill level 10 in Spellcasting
  9321 | Lair:2   | Reached *** piety under Makhleb
  9668 | Lair:2   | Reached XP level 12. HP: 85/91 MP: 0/0
  9753 | Lair:3   | Reached skill level 10 in Fighting
 10126 | Lair:3   | Reached **** piety under Makhleb
 10437 | Lair:4   | Found a staircase to the Snake Pit.
 10620 | Lair:4   | Reached XP level 13. HP: 76/97 MP: 0/0
 10620 | Lair:4   | Learned a level 5 spell: Summon Mana Viper
 10913 | Lair:5   | Noticed a five-headed hydra
 10922 | Lair:5   | Killed a five-headed hydra
 10998 | Lair:5   | You are sucked into a shaft and drop 1 floor!
 10998 | Lair:6   | Entered Level 6 of the Lair of Beasts
 11004 | Lair:6   | Reached ***** piety under Makhleb
 11056 | Lair:6   | Noticed a boulder beetle
 11076 | Lair:6   | Killed a boulder beetle
 11135 | Lair:5   | Noticed a four-headed hydra
 11142 | Lair:5   | Killed a four-headed hydra
 11224 | Lair:5   | Noticed a catoblepas
 11232 | Lair:5   | Killed a catoblepas
 11320 | Lair:5   | Reached skill level 10 in Shields
 11337 | Lair:5   | Reached skill level 5 in Dodging
 11932 | Lair:6   | Noticed a four-headed hydra
 11933 | Lair:6   | Found a staircase to the Slime Pits.
 11933 | Lair:6   | Found a viscous altar of Jiyva.
 11937 | Lair:6   | Killed a four-headed hydra
 11939 | Lair:6   | Noticed an eight-headed hydra
 11944 | Lair:6   | Reached XP level 14. HP: 82/105 MP: 0/0
 12988 | Lair:6   | Reached ****** piety under Makhleb
 13079 | Lair:6   | Reached XP level 15. HP: 88/112 MP: 0/0
 13079 | Lair:6   | Learned a level 6 spell: Statue Form
 13895 | Orc:2    | Entered Level 2 of the Orcish Mines
 13925 | Orc:2    | Found a staircase to the Elven Halls.
 14271 | Orc:2    | Found Ohasomoj's Distillery.
 14274 | Orc:2    | Found Jakebo's General Store.
 14493 | Orc:2    | Gained mutation: You are clumsy. (Dex -2) [a neqoxec]
 14782 | Orc:2    | Found Ofeh's Antique Armour Shop.
 14782 | Orc:2    | Found Gicudd's Jewellery Boutique.
 14783 | Orc:2    | Found a one-way gate leading to the halls of Pandemonium.
 14789 | Orc:2    | Bought a colourful robe for 222 gold pieces
 14789 | Orc:2    | Identified the +1 robe "Minuuppitz" {rF+ rN+ Archmagi} (You
                  | bought it in a shop on level 2 of the Orcish Mines)
 14878 | Orc:2    | Bought a potion of haste for 130 gold pieces
 14878 | Orc:2    | Bought a scroll of teleportation for 39 gold pieces
 14878 | Orc:2    | Bought a scroll of summoning for 123 gold pieces
 14880 | Orc:2    | Bought a potion of mutation for 112 gold pieces
 14880 | Orc:2    | Bought 2 potions of brilliance for 112 gold pieces
 15203 | D:12     | Noticed Nessos
 15216 | D:12     | Killed Nessos
 15411 | D:12     | Reached skill level 1 in Unarmed Combat
 15531 | D:12     | Found a frozen archway.
 15538 | IceCv    | Entered an ice cave
 16106 | IceCv    | Noticed a reaper
 16116 | IceCv    | Killed a reaper
 16117 | IceCv    | Reached XP level 16. HP: 69/121 MP: 0/0
 16164 | IceCv    | Identified the ring of Rewur {rElec Will+ AC+4 Str-2}
 16526 | D:13     | Found a gate to the Vaults.
 16637 | D:13     | Found the +7 Singing Sword {vorpal, sonic wave}
 17455 | D:14     | Found a glowing golden altar of the Shining One.
 17787 | D:15     | Entered Level 15 of the Dungeon
 18179 | D:15     | Found the +7 pair of quick blades "Gyre" and "Gimble"
                  | {protect}
 18245 | D:15     | Reached skill level 10 in Dodging
 18494 | Snake:1  | Entered Level 1 of the Snake Pit
 18518 | Snake:1  | Found Zofeh's General Store.
 18595 | Snake:1  | Found Wosaw's Assorted Antiques.
 18603 | Snake:1  | Bought a scroll of enchant armour for 165 gold pieces
 18603 | Snake:1  | Bought a potion of brilliance for 88 gold pieces
 18603 | Snake:1  | Bought a potion of brilliance for 88 gold pieces
 18737 | Snake:1  | Found a runed translucent door.
 18743 | Snake:1  | Noticed Dittersdorf's ghost (adept MiBe)
 18977 | Snake:1  | Identified the +6 glaive of the Leaping Sybil {holy, rF+
                  | rCorr}
 19041 | Snake:1  | Reached skill level 5 in Unarmed Combat
 19375 | Snake:2  | Reached XP level 17. HP: 128/128 MP: 0/0
 19375 | Snake:2  | Learned a level 7 spell: Ozocubu's Refrigeration
 19618 | Snake:2  | Reached skill level 15 in Spellcasting
 19699 | Snake:2  | Found Irefir's Jewellery Boutique.
 19699 | Snake:2  | Found Nymmo's Book Shoppe.
 19700 | Snake:2  | Found Hijetish's Book Shoppe.
 19700 | Snake:2  | Noticed Donald
 19724 | Snake:2  | Killed Donald
 20865 | Snake:3  | Reached skill level 15 in Shields
 20998 | Snake:3  | Found Peock's Weapon Emporium.
 20998 | Snake:3  | Found Hucke's Jewellery Shoppe.
 21682 | Snake:4  | Entered Level 4 of the Snake Pit
 22103 | Snake:4  | Reached XP level 18. HP: 128/134 MP: 0/0
 22605 | Snake:4  | Reached skill level 1 in Armour
 22710 | Snake:4  | Noticed Vashnia
 22904 | Snake:4  | Got a serpentine rune of Zot
 23573 | Lair:3   | Found a staircase to the Swamp.
 23584 | Swamp:1  | Entered Level 1 of the Swamp
 23651 | Swamp:1  | Noticed Aizul
 23658 | Swamp:1  | Killed Aizul
 23698 | Swamp:1  | Noticed Louise
 23705 | Swamp:1  | Killed Louise
 23735 | Swamp:4  | Entered Level 4 of the Swamp
 23744 | Swamp:4  | Noticed Nikola
 23773 | Swamp:4  | Killed Nikola
 24207 | Swamp:4  | Reached XP level 19. HP: 139/139 MP: 0/0
 24207 | Swamp:4  | Learned a level 6 spell: Simulacrum
 24348 | Swamp:4  | Reached skill level 5 in Armour
 24493 | Swamp:4  | Noticed a bone dragon
 24839 | Elf:1    | Entered Level 1 of the Elven Halls
 24882 | Elf:1    | Noticed Azrael
 24884 | Elf:1    | Killed Azrael
 24909 | Elf:1    | Found Ferpheej's Weapon Boutique.
 25174 | Elf:1    | Paralysed by an air elemental for 1 turns
 25362 | Elf:2    | Paralysed by an air elemental for 1 turns
 25540 | Elf:2    | Found Waejieluno's Distillery.
 25615 | Elf:2    | Slain by a +3 vorpal halberd

Illustrated notes

Levels and vault maps discovered:
D:1:      dpeg_arrival_rooms_b, layout_rooms, chequers_serial_rivers_marsh,
          minivault_5
D:2:      layout_loops_ring, serial_bayou_pond_c, serial_park_tiny_2
D:3:      layout_basic, basic_ecumenical_altar
D:4:      layout_cave_pods, kennysheep_mini_moat, enter_ossuary_1,
          minmay_misc_feat_four_crosses, uniq_duvessa, uniq_ijyb, uniq_robin,
          uniq_menkaure
D:5:      layout_gridville, minmay_temple_entry_large_hall,
          minmay_manual_monstrance
D:6:      layout_loops_cross, minmay_holes
D:7:      layout_basic
D:8:      layout_cave_pools
D:9:      layout_irregular_city, orc_0_dummy, kennysheep_just_a_vault
D:10:     layout_irregular_city, enter_bailey_6, ebering_ghost_disaster_area,
          uniq_urug
D:11:     layout_layer_cave, lair_entry_dummy
D:12:     layout_cave_pools, portal_ice_cave_entry_pillars_1,
          roderic_roman_lattice, uniq_nessos
D:13:     layout_loops_ring, david_vaults_3, minmay_lindwurm_lava
D:14:     layout_cross, tso_altar, kennysheep_boxes
D:15:     grunt_enter_depths_hoard, layout_gridville, basic_altar,
          hellmonk_guarded_unrand_gyre_and_gimble, uniq_jorgrun
Temple:   mainiacjoe_temple_circle_huts
Lair:1:   layout_regular_city, serial_bayou_shore_b
Lair:2:   layout_cave_pods, small_statue_intersection
Lair:3:   layout_gridlike, nicolae_swamp_entry_splash_gauntlet,
          kennysheep_rathole, grunt_megastairs_2, serial_bayou_shore_a
Lair:4:   layout_regular_city, minmay_snake_entry_six_corridors
Lair:5:   layout_small_grid, nicolae_volcano_entry_s_turn
Lair:6:   hangedman_lair_caniforms_friends, layout_cave_pods,
          guppyfry_lair_end_dragon, slime_altar_1, wad_woods_road_03,
          infiniplex_staircase_pool
Swamp:1:  layout_basic_swamp, evilmike_swamp_ruin_rubble_2, uniq_aizul,
          uniq_louise
Swamp:2:  layout_basic_swamp, nicolae_swamp_trees_clearing
Swamp:3:  layout_basic_swamp, serial_swamp_ruin, evilmike_swamp_ruin_house_4,
          evilmike_swamp_ruin_rubble_1, evilmike_swamp_ruin_house_2,
          swamp_pool1, hangedman_swamp_wriggling
Swamp:4:  swamp_pestilence, layout_basic_swamp, uniq_nikola
Snake:1:  layout_cave_pods, ebering_ghost_inner_flame, serial_shops, shop,
          nicolae_shop_advertising_works [nicolae_subvault_shop_adworks],
          grunt_megastairs_5, serial_bayou_shore_b
Snake:2:  layout_basic, minmay_shop_grove, serial_bayou_shore_b, uniq_donald
Snake:3:  dpeg_oklob_gauntlet, layout_rooms, minmay_shoptagon
Snake:4:  johnstein_snake_rune_scales, layout_cave_town, uniq_vashnia
Orc:1:    nicolae_orc_accident_2, layout_caves, gammafunk_ghost_grave,
          nicolae_orc_damp_corner
Orc:2:    pf_orc_diabolical, layout_caves
Elf:1:    layout_gridlike, serial_shops, shop_statue, minmay_elf_necromancy,
          uniq_azrael
Elf:2:    nicolae_elf_blades_splatter_lattice
          [nicolae_blade_entry_sentries_behind_glass], layout_geoelf_octagon,
          serial_shops, nicolae_shop_hallway_plus, minmay_elf_annihilation

Skill      XL: |  1  2  3  4  5  6  7  8  9 10 11 12 13 14 15 16 17 18 19 |
---------------+----------------------------------------------------------+-----
Fighting       | 1 2 3 4 5 7 8 9 10 11 12 13 | 13.8
Spellcasting   | 3 4 5 7 8 9 10 12 13 14 16 17 | 17.9
Shields        | 3 5 6 8 10 12 13 14 15 16 17 | 17.0
Dodging        | 3 5 7 8 10 | 10.5
Unarmed Combat | 1 5 7 |  7.0
Armour         | 4 5 |  5.5
Stealth        | |  1.5

Action                   |  1- 3 |  4- 6 |  7- 9 | 10-12 | 13-15 | 16-18 | 19-21 || total
-------------------------+-------+-------+-------+-------+-------+-------+-------++-------
Melee: Dagger            |    17 |       |       |       |       |       |       ||    17
       Staff             |       |     4 |     2 |     2 |     6 |       |       ||    14
       Unarmed           |       |       |       |       |    12 |   362 |   185 ||   559
 Cast: Shock             |    66 |    23 |       |       |       |       |       ||    89
       Static Discharge  |     3 |    17 |    18 |     8 |     7 |     5 |       ||    58
       Scorch            |       |    20 |    95 |     2 |       |       |       ||   117
       Swiftness         |       |       |     2 |       |       |       |       ||     2
       Airstrike         |       |       |    61 |   220 |   567 |   358 |     2 ||  1208
       Cause Fear        |       |       |     3 |    34 |    51 |    38 |     2 ||   128
       Olgreb's Toxic Ra |       |       |       |    48 |   104 |    11 |     2 ||   165
       Summon Mana Viper |       |       |       |       |    21 |    47 |    19 ||    87
       Statue Form       |       |       |       |       |     5 |    39 |    16 ||    60
       Conjure Flame     |       |       |       |       |       |     1 |     1 ||     2
       Ozocubu's Refrige |       |       |       |       |       |   194 |    47 ||   241
 Abil: End Transformatio |       |       |       |       |     2 |    18 |    12 ||    32
  Use: Potion            |       |       |     7 |       |       |       |     2 ||     9
       Scroll            |       |       |     7 |     9 |     6 |    12 |     5 ||    39
 Stab: Sleeping          |     1 |     1 |       |       |       |       |       ||     2
       Distracted        |       |       |       |       |       |     6 |     5 ||    11
       Invisible         |       |       |       |       |       |       |     1 ||     1
Armor: Robe              |     3 |     3 |     8 |     7 |     8 |       |       ||    29
       Skin              |       |       |     5 |       |    23 |   432 |   146 ||   606
       Troll leather arm |       |       |       |       |       |    25 |     7 ||    32
Dodge: Dodged            |    12 |    15 |    57 |    35 |    87 |   555 |   150 ||   911
Block: Tower shield      |       |       |       |    15 |   167 |  1092 |   289 ||  1563
